 Dungeon Crawl Stone Soup version 0.29.1-2-gbd0b4ee654 (webtiles) character file.

Game seed: 15073693905918946987

93 keekatzer the Shield-Bearer (level 4, -11/36 (37) HPs)
             Began as a Formicid Fighter on Oct 24, 2022.
             Was a Follower of Zin.
             Killed from afar by Ijyb (15 damage)
             ... with a bolt of light
             ... on level 3 of the Dungeon.
             The game lasted 00:13:38 (2068 turns).

keekatzer the Shield-Bearer (Formicid Fighter)      Turns: 2068, Time: 00:13:39

HP:   -11/36 (37)   AC: 12    Str: 21    XL:     4   Next: 92%
MP:   4/4           EV:  7    Int:  7    God:    Zin [*.....]
Gold: 125           SH:  9    Dex: 15    Spells: 3/3 levels left

rFire   . . .      SeeInvis +   a - +0 quarterstaff
rCold   . . .      Faith    .   q - +0 kite shield
rNeg    . . .      Spirit   .   s - +0 chain mail
rPois   +          Reflect  .   (helmet unavailable)
rElec   .          Harm     .   (no cloak)
rCorr   .          Rampage  .   y - +2 pair of gloves
Will    .....                   (no boots)
Stlth   ..........              (no amulet)
HPRegen 0.12/turn               e - ring of poison resistance
MPRegen 0.09/turn               n - ring of flight

@: flying, lightly drained, invisible
A: permanent stasis, dig shafts and tunnels, antennae 3, four strong arms
a: Dig, Shaft Self, Renounce Religion, Recite, Donate Gold


You were on level 3 of the Dungeon.
You worshipped Zin.
Zin was aware of your devotion.
You visited 1 branch of the dungeon, and saw 3 of its levels.

You collected 138 gold pieces.
You donated 13 gold pieces to Zin.

Inventory:

Hand Weapons
 a - a +0 quarterstaff (weapon)
 p - a +0 halberd
Armour
 c - a +0 buckler
 q - a +0 kite shield (worn)
 s - a +0 chain mail (worn)
 y - a +2 pair of gloves (worn)
Jewellery
 e - a ring of poison resistance (left hand)
 n - a ring of flight (right hand)
Wands
 u - a wand of roots (9)
Scrolls
 f - 2 scrolls of enchant armour {unknown}
 i - a scroll of enchant weapon {unknown}
 l - 2 scrolls of blinking {unknown}
 o - a scroll of brand weapon {unknown}
 t - a scroll of teleportation {unknown}
 w - a scroll of identify {unknown}
 x - a scroll of vulnerability {unknown}
 z - a scroll of summoning {unknown}
Potions
 b - a potion of curing
 d - a potion of might
 g - a potion of flight {unknown}
 h - a potion of haste {unknown}
 k - a potion of lignification {unknown}
 r - a potion of mutation {unknown}
 v - a potion of heal wounds {unknown}


   Skills:
 + Level 4.1 Fighting
 - Level 2.0 Staves
 * Level 4.2 Armour
 * Level 1.2 Dodging
 * Level 4.8 Shields


You had 3 spell levels left.
You didn't know any spells.
Your spell library contained the following spells:

 Spells                   Type           Power      Damage    Failure   Level
 Ensorcelled Hibernation  Hex/Ice        0%         N/A       100%        2
 Spider Form              Tmut/Pois      0%         N/A       100%        3
 Anguish                  Hex/Necr       0%         N/A       100%        4


Dungeon Overview and Level Annotations

Branches:
Dungeon (3/15)

Altars:
Zin

Annotations:
D:3 Ijyb


Innate Abilities, Weirdness & Mutations

You cannot be hasted, slowed, berserked, paralysed or teleported.
You can dig through walls and to a lower floor.
You have a pair of large antennae on your head. (SInv)
Your four strong arms can wield two-handed weapons with a shield.


Message History

You bump into the rock wall.
Ijyb screams, "It's all mine!"
You barely miss Ijyb.
Ijyb zaps a wand.
The bolt of light hits you!
You bump into the rock wall.
You feel less confused. Ijyb hits you but does no damage.
You hit Ijyb but do no damage.
Ijyb zaps a wand.
The bolt of light hits you.
You are confused.
Ijyb hits you with a +0 flail. Ijyb attacks as you move away!
Ijyb closely misses you.
Ijyb zaps a wand.
The bolt of light misses you.
Ijyb zaps a wand.
The bolt of light misses you.
You bump into the rock wall.
You feel less confused. You block Ijyb's attack.
You closely miss Ijyb.
Ijyb zaps a wand.
The bolt of light hits you!
* * * LOW HITPOINT WARNING * * *
You barely miss Ijyb. Ijyb completely misses you. You block Ijyb's attack.
You barely miss Ijyb. Ijyb barely misses you.
You closely miss Ijyb. You block Ijyb's attack.
You hit Ijyb but do no damage. You block Ijyb's attack.
You hit Ijyb but do no damage. You block Ijyb's attack. Ijyb barely misses you.
You closely miss Ijyb. Ijyb hits you with a +0 flail.
* * * LOW HITPOINT WARNING * * *
It was a potion of berserk rage.
Your stasis prevents you from going berserk.
Ijyb hits you but does no damage.
It was a potion of invisibility.
You fade into invisibility!
Ijyb hits you but does no damage. What are your orders? t - Shout!
Orders for allies: a - Attack new target. r - Retreat! s - Stop attacking. g - Guard the area. f - Follow me.
Anything else - Cancel.
Okay, then.
Ijyb screams, "Me kill you!"
Ijyb zaps a wand.
The bolt of light hits you!
You die...

.# #.#######>....####
#......... .#
#.##.............#
##.....### .#
#.##.####.....##.#
##...## .# #.##.##
##...## # ##.## )#
#.#...#####..# # #.# .#
#........)##.###.## #.#
÷####.†...###...........
#.#
........#.(.......##..##
#.# ##.#.#....###.##@.# #
#.#.#.#.## #.##..# .##
#.#.#.#.## #.##..# ...
#........###.##..##.#
#..............g....####
##........#..............
..#...............##.####
.###....<.....###.##.# ##
#.......<........#


You could see Ijyb (unable to see you).

Vanquished Creatures
  An adder (D:3)
  3 gnolls
  2 dart slugs
  An orc (D:3)
  4 ball pythons
  5 endoplasms
  2 giant cockroaches (D:1)
  4 goblins
  4 hobgoblins
  6 kobolds
  4 quokkas
  2 bats
  3 frilled lizards
  8 rats
49 creatures vanquished.

Notes
Turn   | Place    | Note
-------+----------+-------------------------------------------
     0 | D:1      | keekatzer the Formicid Fighter began the quest for the Orb.
     0 | D:1      | Reached XP level 1. HP: 18/18 MP: 1/1
   185 | D:1      | Reached XP level 2. HP: 22/24 MP: 2/2
   426 | D:1      | Reached XP level 3. HP: 29/29 MP: 3/3
   991 | D:1      | Reached skill level 1 in Dodging
   991 | D:1      | Reached XP level 4. HP: 27/37 MP: 4/4
  1729 | D:3      | Found a faded altar of an unknown god.
  1953 | D:3      | Found a glowing silver altar of Zin.
  1957 | D:3      | Became a worshipper of Zin the Law-Giver
  1957 | D:3      | Reached * piety under Zin
  2045 | D:3      | Noticed Ijyb
  2068 | D:3      | Killed from afar by Ijyb

Illustrated notes

Levels and vault maps discovered:
D:1:      dpeg_arrival_renting, layout_basic,
          amcnicky_mini_rare_corridor_liquid, minmay_misc_feat_x,
          serial_park_tiny_2, minmay_unequal
D:2:      layout_basic
D:3:      layout_loops_ring, zin_scriptorium,
          dilly_ecumenical_altar_fadedgnrine, uniq_ijyb

Skill      XL: |  1  2  3  4 |
---------------+-------------+-----
Armour         | 4 |  4.2
Dodging        | 1 |  1.2
Fighting       | 4 |  4.1
Staves         | |  2.0
Shields        | |  4.8

Action                   |  1- 3 |  4- 6 || total
-------------------------+-------+-------++-------
Melee: Quarterstaff      |    68 |    79 ||   147
 Abil: Dig               |       |     1 ||     1
  Use: Potion            |       |     2 ||     2
Armor: Scale mail        |    25 |     1 ||    26
       Chain mail        |       |    26 ||    26
Dodge: Dodged            |    26 |    34 ||    60
Block: Buckler           |     8 |     1 ||     9
       Kite shield       |       |    37 ||    37
